[ AOE2 MATCH · #461373967 ]
UnrankedMagyars vs Slavs
[ REPLAY ANALYSIS · EXTRACTED FROM THE RECORDED GAME ]
Feudal
—
Castle
—
Imperial
—
| APM avg | 7.3 |
| APM peak | 30 |
| eAPM avg | 4.9 |
| Villagers / military | 62 / 108 |
Focus
⚔️ 8.3% · 🌾 91.7%
Magyar Huszar ×108
Feudal
3:53
Castle
13:57
Imperial
33:02
| APM avg | 7.2 |
| APM peak | 31 |
| eAPM avg | 5.2 |
| Villagers / military | 31 / 43 |
Focus
⚔️ 26.9% · 🌾 73.1%
Conquistador ×43 · Trade Cart ×10
Feudal
4:03
Castle
10:20
Imperial
30:32
| APM avg | 28.6 |
| APM peak | 87 |
| eAPM avg | 19.8 |
| Villagers / military | 179 / 194 |
Focus
⚔️ 32.3% · 🌾 67.7%
Spearman ×118 · Knight ×64 · Trade Cart ×14 · Mangonel ×11 · Monk ×1
Feudal
—
Castle
—
Imperial
—
| APM avg | 24.8 |
| APM peak | 53 |
| eAPM avg | 21.6 |
| Villagers / military | 245 / 192 |
Focus
⚔️ 21.2% · 🌾 78.8%
Boyar ×93 · Trade Cart ×92 · Battering Ram ×35 · Militia ×28 · Spearman ×20 · Mangonel ×15
Feudal
6:29
Castle
16:20
Imperial
46:23
| APM avg | 7.1 |
| APM peak | 30 |
| eAPM avg | 6.9 |
| Villagers / military | 99 / 33 |
Focus
⚔️ 21.5% · 🌾 78.5%
Chakram Thrower ×30 · Trade Cart ×26 · Monk ×3
Feudal
6:25
Castle
9:30
Imperial
27:37
| APM avg | 40.2 |
| APM peak | 77 |
| eAPM avg | 30.8 |
| Villagers / military | 250 / 569 |
Focus
⚔️ 18.3% · 🌾 81.7%
Scorpion ×277 · Scout Cavalry ×210 · Trade Cart ×80 · Ballista Elephant ×54 · Trebuchet (Packed) ×28
Feudal
6:02
Castle
13:55
Imperial
37:16
| APM avg | 10.7 |
| APM peak | 54 |
| eAPM avg | 7.4 |
| Villagers / military | 28 / 83 |
Focus
⚔️ 47.0% · 🌾 53.0%
Spearman ×22 · Militia ×13 · Cavalry Archer ×13 · Skirmisher ×10 · Knight ×9 · Genoese Crossbowman ×8
Feudal
6:33
Castle
10:53
Imperial
27:50
| APM avg | 32.9 |
| APM peak | 58 |
| eAPM avg | 25.9 |
| Villagers / military | 142 / 240 |
Focus
⚔️ 20.5% · 🌾 79.5%
Knight ×127 · Hand Cannoneer ×90 · Trade Cart ×41 · Bombard Cannon ×12 · Mangonel ×9 · Trebuchet (Packed) ×2
Match map
Initial resources + every placement click. Lines = walls · curves = elevation contours. ◆ gold · ⬟ stone · ● berries · ✦ relic · ◌ wall gap
Your base· ✓ Map-separated
Lapusho4ek's base· ✓ Map-separated
Ranov's base· ✓ Map-separated
DreamMurders's base· ✓ Map-separated
Xemnas1981's base· ✓ Map-separated
Qoo's base· ✓ Map-separated
RisunKil's base· ✓ Map-separated
Spinkane's base· ✓ Map-separated
Smoothed initial terrain · ◌ = detected wall gap · hover for details
Inputs per minute
— pulpy-match3 - - Lapusho4ek
Build order — pulpy-match3
First 150 of 170 actions detected
| 0:29 | Build | Mill |
| 0:50 | Build | Lumber Camp |
| 1:35 | Research | Feudal Age |
| 3:36 | Create | Villager (Male) |
| 3:36 | Create | Villager (Male) |
| 3:36 | Create | Villager (Male) |
| 3:38 | Create | Villager (Male) |
| 3:59 | Build | Market |
| 4:27 | Build | Farm |
| 4:59 | Build | Farm |
| 5:03 | Research | Double-Bit Axe |
| 5:09 | Research | Horse Collar |
| 6:38 | Build | Blacksmith |
| 7:45 | Research | Castle Age |
| 9:19 | Create | Villager (Male) |
| 9:19 | Create | Villager (Male) |
| 9:21 | Create | Villager (Male) |
| 9:21 | Create | Villager (Male) |
| 10:16 | Build | Farm |
| 10:33 | Research | Wheelbarrow |
| 10:40 | Build | Farm |
| 11:04 | Build | Town Center |
| 11:15 | Build | Mining Camp |
| 11:24 | Build | House |
| 11:28 | Build | House |
| 11:31 | Build | House |
| 11:45 | Build | House |
| 11:58 | Build | House |
| 12:03 | Build | House |
| 12:25 | Research | Bow Saw |
| 12:36 | Research | Heavy Plow |
| 13:54 | Build | Farm |
| 14:00 | Build | Farm |
| 14:37 | Create | Villager (Male) |
| 14:37 | Create | Villager (Male) |
| 14:38 | Create | Villager (Male) |
| 14:39 | Create | Villager (Male) |
| 14:39 | Create | Villager (Male) |
| 14:39 | Create | Villager (Male) |
| 14:47 | Build | Farm |
| 15:38 | Build | Castle |
| 15:58 | Build | Farm |
| 16:04 | Build | Farm |
| 16:27 | Create | Villager (Male) |
| 16:27 | Create | Villager (Male) |
| 16:27 | Create | Villager (Male) |
| 16:29 | Create | Villager (Male) |
| 16:30 | Create | Villager (Male) |
| 16:30 | Create | Villager (Male) |
| 17:40 | Build | Farm |
| 18:00 | Build | Farm |
| 18:10 | Build | Farm |
| 19:00 | Build | Farm |
| 19:10 | Build | Farm |
| 19:23 | Build | Lumber Camp |
| 19:49 | Build | Farm |
| 20:04 | Build | Farm |
| 20:11 | Build | Farm |
| 20:19 | Build | Farm |
| 20:24 | Create | Villager (Male) |
| 20:24 | Create | Villager (Male) |
| 20:24 | Create | Villager (Male) |
| 20:24 | Create | Villager (Male) |
| 20:25 | Create | Villager (Male) |
| 20:25 | Create | Villager (Male) |
| 20:25 | Create | Villager (Male) |
| 20:26 | Create | Villager (Male) |
| 20:27 | Create | Villager (Male) |
| 20:28 | Create | Villager (Male) |
| 20:46 | Create | Villager (Male) |
| 20:46 | Create | Villager (Male) |
| 20:46 | Create | Villager (Male) |
| 20:47 | Create | Villager (Male) |
| 20:48 | Create | Villager (Male) |
| 21:03 | Research | Gold Mining |
| 21:15 | Research | Corvinian Army |
| 21:32 | Build | Farm |
| 21:37 | Build | Farm |
| 21:52 | Build | Farm |
| 22:20 | Build | Farm |
| 23:01 | Build | Town Center |
| 23:08 | Build | Farm |
| 23:20 | Research | Gold Shaft Mining |
| 23:39 | Create | Villager (Male) |
| 23:40 | Create | Villager (Male) |
| 23:40 | Create | Villager (Male) |
| 23:40 | Create | Villager (Male) |
| 23:42 | Create | Villager (Male) |
| 23:42 | Create | Villager (Male) |
| 23:44 | Create | Villager (Male) |
| 24:40 | Build | Farm |
| 24:49 | Build | Farm |
| 25:00 | Build | Farm |
| 25:08 | Build | Farm |
| 25:19 | Research | Imperial Age |
| 25:29 | Build | Farm |
| 25:37 | Build | Farm |
| 25:52 | Build | Farm |
| 26:21 | Build | Farm |
| 27:11 | Build | Farm |
| 27:58 | Create | Villager (Male) |
| 27:59 | Create | Villager (Male) |
| 27:59 | Create | Villager (Male) |
| 27:59 | Create | Villager (Male) |
| 28:00 | Create | Villager (Male) |
| 28:00 | Create | Villager (Male) |
| 28:00 | Create | Villager (Male) |
| 28:01 | Create | Villager (Male) |
| 28:01 | Create | Villager (Male) |
| 28:05 | Create | Villager (Male) |
| 28:10 | Research | Hand Cart |
| 28:39 | Build | Mining Camp |
| 29:41 | Build | House |
| 29:44 | Build | House |
| 29:45 | Build | House |
| 29:51 | Build | House |
| 30:02 | Research | Two-Man Saw |
| 30:09 | Research | Crop Rotation |
| 31:50 | Build | Mill |
| 32:35 | Build | Farm |
| 32:43 | Build | Farm |
| 32:50 | Build | Farm |
| 33:25 | Build | House |
| 33:29 | Build | House |
| 33:31 | Build | House |
| 33:34 | Build | House |
| 33:35 | Build | House |
| 33:39 | Build | House |
| 33:41 | Build | House |
| 33:42 | Build | House |
| 33:53 | Research | Recurve Bow |
| 33:55 | Research | Conscription |
| 33:56 | Research | Elite Magyar Huszar (upgrade) |
| 34:08 | Create | Villager (Male) |
| 34:08 | Create | Villager (Male) |
| 34:09 | Create | Villager (Male) |
| 34:09 | Create | Villager (Male) |
| 34:09 | Create | Villager (Male) |
| 34:09 | Create | Villager (Male) |
| 34:10 | Create | Villager (Male) |
| 34:10 | Create | Villager (Male) |
| 34:10 | Create | Villager (Male) |
| 34:12 | Create | Villager (Male) |
| 36:38 | Build | Stone Wall |
| 37:11 | Build | Farm |
| 37:53 | Build | Farm |
| 37:59 | Build | Farm |
| 38:05 | Create | Magyar Huszar ×15 |
| 38:18 | Build | Farm |
| 38:58 | Create | Magyar Huszar ×5 |
Build order — Lapusho4ek
First 150 of 152 actions detected
| 0:29 | Build | Mill |
| 0:44 | Build | Lumber Camp |
| 1:43 | Research | Feudal Age |
| 2:59 | Create | Villager (Male) |
| 3:00 | Create | Villager (Male) |
| 3:00 | Create | Villager (Male) |
| 3:53 | Age | Feudal Age |
| 4:01 | Create | Villager (Male) |
| 4:02 | Create | Villager (Male) |
| 4:03 | Create | Villager (Male) |
| 4:33 | Build | Mining Camp |
| 4:56 | Build | Farm |
| 5:09 | Build | Farm |
| 5:17 | Build | Farm |
| 5:25 | Build | Farm |
| 5:36 | Build | Farm |
| 5:45 | Build | Farm |
| 6:22 | Build | House |
| 6:42 | Build | Farm |
| 7:00 | Build | Farm |
| 7:07 | Create | Villager (Male) |
| 7:07 | Create | Villager (Male) |
| 7:12 | Create | Villager (Male) |
| 7:45 | Build | Market |
| 8:21 | Build | Farm |
| 8:44 | Build | Farm |
| 8:53 | Build | Farm |
| 9:16 | Create | Villager (Male) |
| 9:16 | Create | Villager (Male) |
| 10:11 | Build | House |
| 10:13 | Build | House |
| 10:15 | Build | House |
| 10:30 | Build | Blacksmith |
| 11:02 | Create | Trade Cart |
| 11:02 | Create | Trade Cart |
| 11:03 | Create | Trade Cart |
| 11:17 | Research | Castle Age |
| 12:50 | Create | Villager (Male) |
| 12:50 | Create | Villager (Male) |
| 12:53 | Create | Villager (Male) |
| 12:57 | Create | Villager (Male) |
| 13:57 | Age | Castle Age |
| 14:09 | Create | Villager (Male) |
| 14:09 | Create | Villager (Male) |
| 14:09 | Create | Villager (Male) |
| 15:21 | Build | Palisade Wall |
| 15:39 | Build | Palisade Wall |
| 16:01 | Build | Farm |
| 16:54 | Build | Farm |
| 17:38 | Build | Farm |
| 17:59 | Build | Farm |
| 19:03 | Build | Farm |
| 19:08 | Build | Farm |
| 19:34 | Build | Farm |
| 19:38 | Create | Villager (Male) |
| 19:39 | Create | Villager (Male) |
| 19:39 | Create | Villager (Male) |
| 19:39 | Create | Villager (Male) |
| 21:05 | Build | House |
| 21:07 | Build | House |
| 21:09 | Build | House |
| 21:23 | Build | Farm |
| 21:33 | Build | Farm |
| 21:42 | Build | Farm |
| 21:59 | Build | Farm |
| 22:21 | Create | Villager (Male) |
| 22:21 | Create | Villager (Male) |
| 22:21 | Create | Villager (Male) |
| 22:22 | Create | Villager (Male) |
| 22:24 | Create | Villager (Male) |
| 22:24 | Create | Villager (Male) |
| 22:43 | Create | Trade Cart |
| 22:44 | Create | Trade Cart |
| 22:46 | Create | Trade Cart |
| 22:46 | Create | Trade Cart |
| 23:21 | Build | Palisade Gate |
| 23:34 | Build | Farm |
| 24:37 | Build | Farm |
| 24:53 | Build | House |
| 24:55 | Build | House |
| 24:57 | Build | House |
| 24:59 | Build | House |
| 25:02 | Build | House |
| 25:54 | Build | Farm |
| 26:16 | Build | Castle |
| 26:57 | Create | Villager (Male) |
| 26:57 | Create | Villager (Male) |
| 26:57 | Create | Villager (Male) |
| 27:42 | Build | Farm |
| 29:37 | Build | Farm |
| 29:43 | Build | Farm |
| 29:52 | Research | Imperial Age |
| 30:17 | Create | Trade Cart |
| 30:17 | Create | Trade Cart |
| 30:18 | Create | Trade Cart |
| 31:56 | Build | House |
| 32:00 | Build | House |
| 32:03 | Build | House |
| 33:02 | Age | Imperial Age |
| 33:57 | Build | Castle |
| 34:02 | Build | Farm |
| 34:29 | Build | Farm |
| 35:11 | Create | Conquistador |
| 35:12 | Create | Conquistador |
| 35:12 | Create | Conquistador |
| 35:12 | Create | Conquistador |
| 35:13 | Create | Conquistador |
| 35:13 | Create | Conquistador |
| 35:13 | Create | Conquistador |
| 35:13 | Create | Conquistador |
| 35:14 | Create | Conquistador |
| 35:14 | Create | Conquistador |
| 35:15 | Create | Conquistador |
| 35:16 | Create | Conquistador |
| 35:16 | Create | Conquistador |
| 35:16 | Create | Conquistador |
| 35:17 | Create | Conquistador |
| 35:17 | Create | Conquistador |
| 35:17 | Create | Conquistador |
| 35:58 | Build | Palisade Wall |
| 36:12 | Build | Palisade Wall |
| 40:58 | Create | Conquistador |
| 40:58 | Create | Conquistador |
| 40:59 | Create | Conquistador |
| 40:59 | Create | Conquistador |
| 40:59 | Create | Conquistador |
| 41:00 | Create | Conquistador |
| 41:00 | Create | Conquistador |
| 41:01 | Create | Conquistador |
| 41:01 | Create | Conquistador |
| 41:01 | Create | Conquistador |
| 41:02 | Create | Conquistador |
| 41:02 | Create | Conquistador |
| 41:03 | Create | Conquistador |
| 41:03 | Create | Conquistador |
| 41:25 | Build | Palisade Wall |
| 42:43 | Build | Palisade Wall |
| 45:42 | Create | Conquistador |
| 45:43 | Create | Conquistador |
| 45:43 | Create | Conquistador |
| 45:43 | Create | Conquistador |
| 45:44 | Create | Conquistador |
| 45:44 | Create | Conquistador |
| 45:44 | Create | Conquistador |
| 45:44 | Create | Conquistador |
| 45:45 | Create | Conquistador |
| 45:45 | Create | Conquistador |
| 45:45 | Create | Conquistador |
| 45:46 | Create | Conquistador |
| 49:33 | Build | Stone Wall |
Build order — Ranov
First 150 of 642 actions detected
| 0:13 | Create | Villager (Male) |
| 0:26 | Build | Mill |
| 0:29 | Create | Villager (Male) |
| 0:39 | Build | Lumber Camp |
| 0:45 | Create | Villager (Male) |
| 1:03 | Create | Villager (Male) |
| 1:28 | Research | Feudal Age |
| 1:54 | Create | Villager (Male) |
| 2:23 | Create | Villager (Male) |
| 2:49 | Build | Lumber Camp |
| 2:53 | Create | Villager (Male) |
| 2:59 | Build | House |
| 3:01 | Build | House |
| 3:34 | Create | Villager (Male) |
| 4:03 | Age | Feudal Age |
| 4:42 | Build | Market |
| 4:55 | Create | Villager (Male) |
| 5:06 | Build | Blacksmith |
| 5:25 | Create | Villager (Male) |
| 5:49 | Create | Villager (Male) |
| 6:08 | Build | Farm |
| 6:11 | Build | Farm |
| 6:13 | Build | Farm |
| 6:14 | Build | Farm |
| 6:16 | Create | Villager (Male) |
| 7:01 | Create | Villager (Male) |
| 7:41 | Research | Castle Age |
| 8:30 | Create | Trade Cart |
| 8:48 | Build | Farm |
| 9:06 | Build | Mill |
| 9:12 | Build | Farm |
| 9:12 | Build | Farm |
| 9:13 | Build | Farm |
| 9:13 | Build | Farm |
| 9:13 | Build | Farm |
| 10:20 | Create | Trade Cart |
| 10:20 | Age | Castle Age |
| 10:28 | Build | Monastery |
| 10:40 | Research | Wheelbarrow |
| 10:53 | Build | Mining Camp |
| 10:56 | Research | Double-Bit Axe |
| 11:07 | Create | Villager (Male) |
| 11:43 | Create | Monk |
| 11:56 | Create | Villager (Male) |
| 12:24 | Create | Villager (Male) |
| 12:46 | Create | Villager (Male) |
| 12:51 | Build | House |
| 12:58 | Build | Town Center |
| 13:23 | Build | House |
| 13:30 | Create | Villager (Male) |
| 13:57 | Create | Villager (Male) |
| 14:36 | Create | Villager (Male) |
| 14:50 | Build | Mining Camp |
| 14:56 | Research | Gold Mining |
| 15:01 | Create | Villager (Male) |
| 15:11 | Create | Villager (Male) |
| 15:12 | Create | Villager (Male) |
| 15:24 | Create | Villager (Male) |
| 15:25 | Research | Hand Cart |
| 15:35 | Research | Caravan |
| 15:43 | Create | Trade Cart |
| 15:57 | Create | Villager (Male) |
| 15:59 | Create | Villager (Male) |
| 16:26 | Create | Trade Cart |
| 16:35 | Create | Villager (Male) |
| 16:35 | Create | Villager (Male) |
| 16:48 | Create | Villager (Male) |
| 16:51 | Create | Villager (Male) |
| 17:05 | Build | University |
| 17:11 | Create | Villager (Male) |
| 17:11 | Create | Villager (Male) |
| 17:29 | Build | House |
| 17:31 | Build | House |
| 17:32 | Build | House |
| 17:39 | Create | Villager (Male) |
| 17:40 | Create | Villager (Male) |
| 17:47 | Create | Trade Cart |
| 18:21 | Create | Villager (Male) |
| 18:22 | Create | Villager (Male) |
| 18:22 | Create | Villager (Male) |
| 18:44 | Create | Trade Cart |
| 18:52 | Research | Bow Saw |
| 19:06 | Create | Villager (Male) |
| 19:13 | Create | Villager (Male) |
| 19:55 | Create | Villager (Male) |
| 19:56 | Create | Villager (Male) |
| 20:22 | Create | Villager (Male) |
| 20:22 | Create | Villager (Male) |
| 20:42 | Create | Villager (Male) |
| 20:42 | Create | Villager (Male) |
| 20:55 | Build | Town Center |
| 21:05 | Build | House |
| 21:06 | Build | House |
| 21:07 | Build | House |
| 21:12 | Create | Villager (Male) |
| 21:13 | Create | Villager (Male) |
| 21:27 | Build | Lumber Camp |
| 21:30 | Create | Villager (Male) |
| 21:30 | Create | Villager (Male) |
| 21:30 | Create | Villager (Male) |
| 22:05 | Build | Mill |
| 22:08 | Build | Farm |
| 22:08 | Build | Farm |
| 22:08 | Build | Farm |
| 22:08 | Build | Farm |
| 22:08 | Build | Farm |
| 22:09 | Build | Farm |
| 22:13 | Create | Villager (Male) |
| 22:14 | Create | Villager (Male) |
| 22:27 | Create | Villager (Male) |
| 22:28 | Create | Villager (Male) |
| 22:46 | Create | Villager (Male) |
| 22:46 | Create | Villager (Male) |
| 22:53 | Build | Farm |
| 22:55 | Build | Farm |
| 23:01 | Create | Villager (Male) |
| 23:01 | Create | Villager (Male) |
| 23:25 | Build | Farm |
| 23:26 | Build | Farm |
| 23:28 | Build | Farm |
| 23:30 | Build | Farm |
| 23:32 | Build | Farm |
| 23:34 | Build | Farm |
| 23:34 | Build | Farm |
| 23:35 | Build | Farm |
| 23:42 | Create | Villager (Male) |
| 23:42 | Create | Villager (Male) |
| 23:42 | Create | Villager (Male) |
| 24:03 | Create | Villager (Male) |
| 24:27 | Create | Villager (Male) |
| 24:27 | Create | Villager (Male) |
| 24:54 | Create | Villager (Male) |
| 24:55 | Create | Villager (Male) |
| 24:55 | Create | Villager (Male) |
| 24:55 | Create | Villager (Male) |
| 25:07 | Build | House |
| 25:07 | Build | House |
| 25:08 | Build | House |
| 25:09 | Build | House |
| 25:11 | Build | House |
| 25:27 | Build | Farm |
| 25:49 | Create | Villager (Male) |
| 25:50 | Create | Villager (Male) |
| 25:50 | Create | Villager (Male) |
| 25:50 | Create | Villager (Male) |
| 25:50 | Create | Villager (Male) |
| 26:08 | Build | House |
| 26:09 | Build | House |
| 26:09 | Build | House |
| 26:10 | Build | House |
Build order — DreamMurders
First 150 of 564 actions detected
| 0:04 | Build | House |
| 0:05 | Build | House |
| 0:06 | Create | Villager (Male) |
| 0:06 | Create | Villager (Male) |
| 0:06 | Create | Villager (Male) |
| 0:18 | Create | Villager (Male) |
| 0:18 | Create | Villager (Male) |
| 0:27 | Create | Villager (Male) |
| 0:33 | Build | Lumber Camp |
| 0:35 | Create | Villager (Male) |
| 0:56 | Create | Villager (Male) |
| 1:11 | Create | Villager (Male) |
| 1:35 | Build | House |
| 1:51 | Create | Villager (Male) |
| 2:40 | Create | Villager (Male) |
| 2:47 | Create | Villager (Male) |
| 3:38 | Create | Villager (Male) |
| 4:06 | Create | Villager (Male) |
| 4:14 | Build | Mill |
| 4:37 | Create | Villager (Male) |
| 5:18 | Build | Mining Camp |
| 5:24 | Create | Villager (Male) |
| 5:25 | Create | Villager (Male) |
| 6:03 | Create | Villager (Male) |
| 6:12 | Research | Feudal Age |
| 6:38 | Create | Villager (Male) |
| 6:42 | Create | Villager (Male) |
| 7:28 | Build | Mill |
| 7:36 | Create | Villager (Male) |
| 8:32 | Build | Farm |
| 8:56 | Create | Villager (Male) |
| 9:04 | Build | Blacksmith |
| 9:09 | Build | Market |
| 9:18 | Build | House |
| 9:53 | Create | Villager (Male) |
| 9:54 | Create | Villager (Male) |
| 10:18 | Create | Villager (Male) |
| 10:40 | Research | Castle Age |
| 10:51 | Build | Farm |
| 10:51 | Build | Farm |
| 10:56 | Create | Villager (Male) |
| 10:57 | Create | Villager (Male) |
| 11:37 | Create | Villager (Male) |
| 11:44 | Build | Farm |
| 11:44 | Build | Farm |
| 11:46 | Build | Farm |
| 11:47 | Create | Villager (Male) |
| 12:02 | Build | House |
| 12:31 | Build | House |
| 12:32 | Build | House |
| 12:35 | Build | House |
| 12:37 | Build | House |
| 12:39 | Build | House |
| 12:41 | Build | House |
| 12:43 | Create | Villager (Male) |
| 12:59 | Research | Horse Collar |
| 13:02 | Research | Double-Bit Axe |
| 13:04 | Research | Gold Mining |
| 13:21 | Build | Market |
| 13:22 | Build | Market |
| 13:32 | Build | Lumber Camp |
| 13:37 | Create | Villager (Male) |
| 13:51 | Build | Town Center |
| 13:55 | Create | Villager (Male) |
| 14:03 | Build | Town Center |
| 14:12 | Research | Bow Saw |
| 14:18 | Research | Heavy Plow |
| 14:52 | Create | Villager (Male) |
| 14:52 | Create | Villager (Male) |
| 14:54 | Create | Villager (Male) ×5 |
| 15:14 | Build | House |
| 15:16 | Build | House |
| 15:16 | Build | House |
| 15:20 | Build | House |
| 15:21 | Build | House |
| 15:23 | Build | House |
| 15:30 | Create | Villager (Male) |
| 15:32 | Create | Villager (Male) ×5 |
| 15:53 | Create | Villager (Male) |
| 16:02 | Build | House |
| 16:06 | Build | House |
| 16:26 | Research | Wheelbarrow |
| 16:27 | Research | Town Watch |
| 16:36 | Build | Town Center |
| 16:43 | Research | Caravan |
| 16:44 | Create | Trade Cart |
| 16:44 | Create | Trade Cart |
| 16:51 | Create | Villager (Male) |
| 17:06 | Build | Farm |
| 17:07 | Build | Farm |
| 17:08 | Build | Farm |
| 17:09 | Build | Farm |
| 17:10 | Build | Farm |
| 17:12 | Create | Villager (Male) |
| 17:17 | Research | Gold Shaft Mining |
| 17:32 | Build | Mining Camp |
| 17:38 | Build | Farm |
| 17:54 | Build | Farm |
| 17:56 | Create | Villager (Male) ×5 |
| 17:59 | Create | Villager (Male) ×5 |
| 18:08 | Create | Villager (Male) |
| 18:08 | Create | Villager (Male) |
| 18:14 | Build | Lumber Camp |
| 18:18 | Create | Villager (Male) |
| 19:00 | Build | Town Center |
| 19:10 | Build | Market |
| 19:12 | Build | Market |
| 19:14 | Build | Market |
| 19:20 | Create | Trade Cart |
| 19:26 | Create | Trade Cart |
| 19:30 | Create | Villager (Male) ×5 |
| 19:32 | Create | Villager (Male) ×2 |
| 19:37 | Create | Villager (Male) |
| 19:37 | Create | Villager (Male) |
| 19:54 | Build | House |
| 19:56 | Build | House |
| 19:59 | Build | House |
| 20:01 | Build | House |
| 20:02 | Build | House |
| 20:04 | Build | House |
| 20:06 | Build | House |
| 20:07 | Build | House |
| 20:08 | Build | House |
| 20:10 | Build | House |
| 20:11 | Build | House |
| 20:15 | Create | Villager (Male) |
| 20:16 | Create | Villager (Male) |
| 20:19 | Create | Villager (Male) |
| 20:20 | Create | Villager (Male) |
| 20:22 | Create | Villager (Male) |
| 20:23 | Create | Villager (Male) |
| 20:30 | Build | Farm |
| 20:31 | Build | Farm |
| 20:32 | Build | Farm |
| 20:33 | Build | Farm |
| 20:34 | Build | Farm |
| 20:36 | Create | Villager (Male) |
| 20:40 | Create | Villager (Male) |
| 20:49 | Build | Farm |
| 20:50 | Build | Farm |
| 20:51 | Build | Farm |
| 20:53 | Create | Villager (Male) |
| 21:08 | Research | Stone Mining |
| 21:21 | Build | Town Center |
| 21:28 | Build | Farm |
| 21:29 | Build | Farm |
| 21:31 | Build | Farm |
| 21:32 | Create | Villager (Male) |
| 21:36 | Create | Villager (Male) |
| 21:39 | Create | Villager (Male) |
Build order — Xemnas1981
First 150 of 311 actions detected
| 0:08 | Research | Loom |
| 0:09 | Create | Villager (Male) |
| 0:09 | Create | Villager (Male) |
| 1:09 | Build | Mill |
| 2:49 | Build | Lumber Camp |
| 2:56 | Build | Lumber Camp |
| 3:06 | Build | Mining Camp |
| 3:08 | Build | Mining Camp |
| 3:09 | Build | Mining Camp |
| 3:15 | Build | Mining Camp |
| 3:29 | Create | Villager (Male) |
| 3:29 | Create | Villager (Male) |
| 3:58 | Research | Feudal Age |
| 4:19 | Build | House |
| 4:20 | Build | House |
| 4:22 | Build | House |
| 4:23 | Build | House |
| 4:25 | Build | House |
| 4:27 | Build | House |
| 5:33 | Create | Villager (Male) |
| 5:34 | Create | Villager (Male) |
| 5:34 | Create | Villager (Male) |
| 5:34 | Create | Villager (Male) |
| 5:34 | Create | Villager (Male) |
| 5:35 | Create | Villager (Male) |
| 5:35 | Create | Villager (Male) |
| 5:37 | Create | Villager (Male) |
| 5:37 | Create | Villager (Male) |
| 5:37 | Create | Villager (Male) |
| 5:38 | Create | Villager (Male) |
| 6:29 | Age | Feudal Age |
| 6:32 | Research | Horse Collar |
| 6:35 | Research | Double-Bit Axe |
| 7:28 | Build | Farm |
| 7:35 | Build | Farm |
| 7:40 | Build | Farm |
| 7:56 | Build | Farm |
| 8:05 | Create | Villager (Male) |
| 8:06 | Create | Villager (Male) |
| 8:20 | Build | Farm |
| 8:50 | Research | Wheelbarrow |
| 11:13 | Build | Blacksmith |
| 11:17 | Build | Market |
| 11:27 | Build | House |
| 11:29 | Build | House |
| 11:30 | Build | House |
| 11:31 | Build | House |
| 13:40 | Research | Castle Age |
| 13:42 | Research | Town Watch |
| 13:46 | Create | Villager (Male) |
| 13:46 | Create | Villager (Male) |
| 14:09 | Create | Trade Cart |
| 14:09 | Create | Trade Cart |
| 14:10 | Create | Trade Cart |
| 14:10 | Create | Trade Cart |
| 14:12 | Create | Trade Cart |
| 15:46 | Create | Trade Cart |
| 15:47 | Create | Trade Cart |
| 15:47 | Create | Trade Cart |
| 16:20 | Age | Castle Age |
| 17:09 | Create | Villager (Male) |
| 17:09 | Create | Villager (Male) |
| 17:09 | Create | Villager (Male) |
| 17:10 | Create | Villager (Male) |
| 17:10 | Create | Villager (Male) |
| 17:10 | Create | Villager (Male) |
| 17:11 | Create | Villager (Male) |
| 17:11 | Create | Villager (Male) |
| 17:11 | Create | Villager (Male) |
| 17:12 | Create | Villager (Male) |
| 17:14 | Create | Villager (Male) |
| 17:14 | Create | Villager (Male) |
| 17:15 | Create | Villager (Male) |
| 17:33 | Build | House |
| 17:35 | Build | House |
| 17:36 | Build | House |
| 17:38 | Build | House |
| 17:40 | Build | House |
| 17:41 | Build | House |
| 17:42 | Build | House |
| 17:44 | Build | House |
| 17:45 | Build | House |
| 17:47 | Build | House |
| 17:48 | Build | House |
| 17:50 | Build | House |
| 17:55 | Build | House |
| 17:56 | Build | House |
| 17:58 | Build | House |
| 17:59 | Build | House |
| 18:00 | Build | House |
| 18:01 | Build | House |
| 18:33 | Build | Farm |
| 19:24 | Create | Trade Cart |
| 19:25 | Create | Trade Cart |
| 19:38 | Build | Farm |
| 21:18 | Build | Market |
| 21:44 | Build | Farm |
| 21:45 | Build | Farm |
| 21:47 | Build | Farm |
| 21:57 | Build | Farm |
| 22:01 | Create | Villager (Male) |
| 22:02 | Create | Villager (Male) |
| 22:02 | Create | Villager (Male) |
| 22:02 | Create | Villager (Male) |
| 22:02 | Create | Villager (Male) |
| 22:03 | Create | Villager (Male) |
| 22:03 | Create | Villager (Male) |
| 22:03 | Create | Villager (Male) |
| 23:50 | Create | Trade Cart |
| 23:50 | Create | Trade Cart |
| 23:51 | Create | Trade Cart |
| 23:51 | Create | Trade Cart |
| 23:54 | Create | Trade Cart |
| 23:54 | Create | Trade Cart |
| 23:57 | Research | Caravan |
| 23:58 | Research | Coinage |
| 24:24 | Build | Farm |
| 24:32 | Build | Farm |
| 25:25 | Create | Villager (Male) |
| 25:25 | Create | Villager (Male) |
| 25:25 | Create | Villager (Male) |
| 25:25 | Create | Villager (Male) |
| 25:25 | Create | Villager (Male) |
| 25:26 | Create | Villager (Male) |
| 25:26 | Create | Villager (Male) |
| 25:26 | Create | Villager (Male) |
| 25:27 | Create | Villager (Male) |
| 25:48 | Build | Monastery |
| 25:53 | Build | University |
| 26:14 | Build | Farm |
| 26:15 | Build | Farm |
| 26:17 | Build | Farm |
| 26:26 | Create | Villager (Male) |
| 26:26 | Create | Villager (Male) |
| 26:27 | Create | Villager (Male) |
| 26:27 | Create | Villager (Male) |
| 26:27 | Create | Villager (Male) |
| 26:49 | Research | Heavy Plow |
| 27:17 | Create | Trade Cart |
| 27:18 | Create | Trade Cart |
| 27:18 | Create | Trade Cart |
| 27:18 | Create | Trade Cart |
| 28:04 | Create | Monk |
| 28:05 | Create | Monk |
| 28:06 | Create | Monk |
| 29:30 | Build | Farm |
| 29:36 | Build | Farm |
| 29:41 | Build | Farm |
| 29:48 | Build | Farm |
| 29:54 | Build | Farm |
Build order — Qoo
First 150 of 771 actions detected
| 0:03 | Build | House |
| 0:03 | Build | House |
| 0:04 | Create | Villager (Male) |
| 0:05 | Create | Villager (Male) |
| 0:05 | Create | Villager (Male) |
| 0:05 | Create | Villager (Male) |
| 0:05 | Create | Villager (Male) |
| 0:10 | Create | Villager (Male) |
| 0:11 | Create | Villager (Male) |
| 0:11 | Create | Villager (Male) |
| 0:11 | Create | Villager (Male) |
| 0:11 | Create | Villager (Male) |
| 0:11 | Create | Villager (Male) |
| 0:12 | Create | Villager (Male) |
| 0:16 | Create | Villager (Male) |
| 0:16 | Create | Villager (Male) |
| 0:16 | Create | Villager (Male) |
| 0:16 | Create | Villager (Male) |
| 0:17 | Create | Villager (Male) |
| 0:35 | Create | Villager (Male) |
| 0:36 | Create | Villager (Male) |
| 0:57 | Create | Villager (Male) |
| 0:58 | Create | Villager (Male) |
| 1:02 | Build | Lumber Camp |
| 1:11 | Build | Mill |
| 1:25 | Build | House |
| 1:27 | Create | Villager (Male) |
| 1:51 | Create | Villager (Male) |
| 1:52 | Create | Villager (Male) |
| 2:14 | Create | Villager (Male) |
| 2:38 | Create | Villager (Male) |
| 3:09 | Create | Villager (Male) |
| 3:09 | Create | Villager (Male) |
| 3:09 | Create | Villager (Male) |
| 3:43 | Research | Feudal Age |
| 5:29 | Create | Villager (Male) |
| 5:56 | Build | Mill |
| 6:10 | Build | House |
| 6:10 | Build | House |
| 6:11 | Build | House |
| 6:12 | Build | House |
| 6:25 | Age | Feudal Age |
| 6:26 | Research | Castle Age |
| 6:26 | Research | Castle Age |
| 6:31 | Research | Double-Bit Axe |
| 6:33 | Research | Horse Collar |
| 8:37 | Create | Villager (Male) |
| 8:38 | Create | Villager (Male) |
| 8:39 | Create | Villager (Male) |
| 9:18 | Create | Villager (Male) |
| 9:23 | Build | Farm |
| 9:25 | Build | Farm |
| 9:30 | Age | Castle Age |
| 9:32 | Build | Town Center |
| 9:40 | Build | Town Center |
| 9:51 | Build | Town Center |
| 9:58 | Create | Villager (Male) |
| 9:59 | Create | Villager (Male) |
| 10:01 | Create | Villager (Male) |
| 10:11 | Research | Bow Saw |
| 10:27 | Create | Villager (Male) |
| 10:29 | Create | Villager (Male) |
| 10:34 | Research | Heavy Plow |
| 10:41 | Create | Villager (Male) |
| 10:42 | Create | Villager (Male) |
| 10:45 | Create | Villager (Male) |
| 10:46 | Create | Villager (Male) |
| 10:46 | Create | Villager (Male) |
| 10:58 | Build | Farm |
| 11:07 | Create | Villager (Male) |
| 11:14 | Build | Farm |
| 11:22 | Create | Villager (Male) |
| 11:36 | Create | Villager (Male) |
| 11:36 | Create | Villager (Male) |
| 11:41 | Build | Farm |
| 11:54 | Build | Farm |
| 11:58 | Build | Farm |
| 12:00 | Build | Farm |
| 12:04 | Create | Villager (Male) |
| 12:08 | Create | Villager (Male) |
| 12:08 | Create | Villager (Male) |
| 12:09 | Create | Villager (Male) |
| 12:11 | Create | Villager (Male) |
| 12:25 | Create | Villager (Male) |
| 12:27 | Create | Villager (Male) |
| 12:27 | Create | Villager (Male) |
| 12:27 | Create | Villager (Male) |
| 12:27 | Create | Villager (Male) |
| 12:36 | Build | Farm |
| 12:39 | Build | Farm |
| 12:42 | Build | Farm |
| 12:45 | Build | Farm |
| 12:46 | Create | Villager (Male) |
| 12:48 | Create | Villager (Male) |
| 13:02 | Build | Farm |
| 13:03 | Create | Villager (Male) |
| 13:12 | Build | Farm |
| 13:14 | Build | Farm |
| 13:20 | Build | Farm |
| 13:21 | Create | Villager (Male) |
| 13:23 | Create | Villager (Male) |
| 13:24 | Create | Villager (Male) |
| 13:34 | Build | Farm |
| 13:36 | Create | Villager (Male) |
| 13:37 | Create | Villager (Male) |
| 13:37 | Create | Villager (Male) |
| 13:37 | Create | Villager (Male) |
| 13:39 | Create | Villager (Male) |
| 13:49 | Build | Farm |
| 13:50 | Create | Villager (Male) |
| 13:50 | Create | Villager (Male) |
| 13:52 | Create | Villager (Male) |
| 14:00 | Build | Mining Camp |
| 14:03 | Build | House |
| 14:08 | Build | Farm |
| 14:10 | Create | Villager (Male) |
| 14:11 | Create | Villager (Male) |
| 14:15 | Create | Villager (Male) |
| 14:24 | Create | Villager (Male) |
| 14:41 | Build | Town Center |
| 14:47 | Build | House |
| 14:48 | Build | House |
| 14:51 | Build | House |
| 14:52 | Build | House |
| 14:55 | Create | Villager (Male) |
| 14:57 | Create | Villager (Male) |
| 14:58 | Create | Villager (Male) |
| 14:59 | Create | Villager (Male) |
| 15:00 | Create | Villager (Male) |
| 15:10 | Create | Villager (Male) |
| 15:25 | Build | Market |
| 15:27 | Create | Villager (Male) |
| 15:28 | Create | Villager (Male) |
| 15:30 | Create | Villager (Male) |
| 15:38 | Create | Villager (Male) |
| 15:50 | Build | Farm |
| 15:51 | Build | Farm |
| 15:51 | Build | Farm |
| 15:51 | Build | Farm |
| 15:52 | Build | Farm |
| 15:52 | Build | Farm |
| 15:52 | Build | Farm |
| 15:53 | Build | Farm |
| 15:53 | Build | Farm |
| 15:53 | Build | Farm |
| 15:54 | Create | Villager (Male) |
| 15:55 | Create | Villager (Male) |
| 15:58 | Create | Villager (Male) |
| 16:05 | Build | Farm |
| 16:05 | Build | Farm |
Build order — RisunKil
First 150 of 208 actions detected
| 1:09 | Build | Mining Camp |
| 1:31 | Build | House |
| 1:34 | Create | Villager (Male) |
| 1:35 | Create | Villager (Male) |
| 1:35 | Create | Villager (Male) |
| 1:35 | Research | Loom |
| 2:19 | Build | Lumber Camp |
| 2:43 | Build | Mill |
| 3:20 | Build | House |
| 3:52 | Research | Feudal Age |
| 4:15 | Build | Farm |
| 5:52 | Create | Villager (Male) |
| 5:53 | Create | Villager (Male) |
| 5:53 | Create | Villager (Male) |
| 6:02 | Age | Feudal Age |
| 6:23 | Build | Market |
| 6:43 | Build | Farm |
| 6:47 | Build | Farm |
| 6:57 | Build | Farm |
| 7:13 | Build | Barracks |
| 7:39 | Build | Blacksmith |
| 7:54 | Build | Mill |
| 8:14 | Build | Farm |
| 8:20 | Create | Villager (Male) |
| 8:20 | Create | Villager (Male) |
| 8:21 | Research | Wheelbarrow |
| 8:22 | Create | Villager (Male) |
| 8:22 | Create | Villager (Male) |
| 9:49 | Build | Lumber Camp |
| 10:14 | Research | Castle Age |
| 10:16 | Create | Villager (Male) |
| 10:16 | Create | Villager (Male) |
| 10:39 | Research | Horse Collar |
| 11:42 | Research | Man-at-Arms (upgrade) |
| 11:55 | Research | Double-Bit Axe |
| 12:37 | Research | Arson |
| 12:51 | Create | Trade Cart |
| 12:52 | Create | Trade Cart |
| 13:46 | Create | Spearman |
| 13:46 | Create | Spearman |
| 13:49 | Create | Militia |
| 13:55 | Age | Castle Age |
| 14:05 | Create | Villager (Male) |
| 14:05 | Create | Villager (Male) |
| 14:27 | Build | House |
| 14:58 | Research | Heavy Plow |
| 15:34 | Build | House |
| 15:50 | Build | Monastery |
| 16:12 | Build | Archery Range |
| 16:18 | Build | House |
| 16:27 | Research | Gold Mining |
| 16:32 | Research | Bow Saw |
| 16:49 | Build | House |
| 16:52 | Create | Monk |
| 17:09 | Build | Mining Camp |
| 17:16 | Create | Villager (Male) |
| 17:18 | Create | Villager (Male) |
| 17:24 | Build | House |
| 18:08 | Build | Mining Camp |
| 18:28 | Build | House |
| 18:38 | Research | Hand Cart |
| 19:58 | Create | Villager (Male) |
| 19:59 | Create | Villager (Male) |
| 20:13 | Research | Elite Skirmisher (upgrade) |
| 20:27 | Build | University |
| 20:35 | Build | Farm |
| 21:07 | Build | Farm |
| 21:19 | Create | Villager (Male) |
| 21:19 | Create | Villager (Male) |
| 21:23 | Create | Villager (Male) |
| 21:23 | Create | Villager (Male) |
| 22:02 | Build | Farm |
| 22:20 | Build | House |
| 22:42 | Build | Farm |
| 23:05 | Build | Stable |
| 23:19 | Build | Farm |
| 23:30 | Build | Town Center |
| 23:37 | Build | House |
| 23:58 | Build | Farm |
| 24:03 | Build | Farm |
| 24:14 | Create | Villager (Male) |
| 24:14 | Create | Villager (Male) |
| 24:23 | Build | House |
| 24:32 | Research | Husbandry |
| 24:38 | Research | Squires |
| 24:38 | Research | Pikeman (upgrade) |
| 24:41 | Research | Long Swordsman (upgrade) |
| 24:46 | Research | Crossbowman (upgrade) |
| 25:06 | Build | Farm |
| 25:22 | Build | Castle |
| 25:33 | Build | Siege Workshop |
| 26:09 | Research | Bloodlines |
| 26:14 | Create | Spearman |
| 26:14 | Create | Spearman |
| 26:18 | Create | Cavalry Archer |
| 26:18 | Create | Cavalry Archer |
| 26:19 | Create | Cavalry Archer |
| 26:20 | Create | Skirmisher |
| 26:21 | Create | Skirmisher |
| 26:29 | Create | Mangonel |
| 26:46 | Build | House |
| 26:57 | Build | Farm |
| 27:09 | Research | Stone Mining |
| 27:26 | Build | House |
| 27:46 | Research | Caravan |
| 28:24 | Build | House |
| 28:42 | Research | Town Watch |
| 28:55 | Create | Cavalry Archer |
| 28:56 | Create | Cavalry Archer |
| 28:56 | Create | Skirmisher |
| 28:56 | Create | Skirmisher |
| 28:59 | Create | Knight |
| 28:59 | Create | Knight |
| 29:01 | Create | Spearman |
| 29:01 | Create | Spearman |
| 29:02 | Create | Spearman |
| 29:02 | Create | Militia |
| 29:02 | Create | Militia |
| 29:05 | Create | Mangonel |
| 29:06 | Create | Mangonel |
| 29:16 | Create | Genoese Crossbowman |
| 29:16 | Create | Genoese Crossbowman |
| 29:32 | Build | Farm |
| 29:38 | Build | House |
| 29:47 | Research | Fletching |
| 29:55 | Research | Treadmill Crane |
| 30:03 | Research | Ballistics |
| 30:10 | Research | Tech 909 |
| 30:15 | Research | Stone Shaft Mining |
| 30:42 | Research | Devotion |
| 30:58 | Build | Mining Camp |
| 31:34 | Create | Cavalry Archer |
| 31:34 | Create | Cavalry Archer |
| 31:35 | Create | Skirmisher |
| 31:37 | Research | Thumb Ring |
| 31:40 | Create | Spearman |
| 31:41 | Create | Spearman |
| 31:41 | Create | Militia |
| 31:59 | Create | Villager (Male) |
| 31:59 | Create | Villager (Male) |
| 32:35 | Build | Farm |
| 33:00 | Research | Coinage |
| 34:05 | Research | Imperial Age |
| 36:03 | Create | Cavalry Archer |
| 36:03 | Create | Cavalry Archer |
| 36:03 | Create | Cavalry Archer |
| 36:03 | Create | Cavalry Archer |
| 36:03 | Create | Skirmisher |
| 36:04 | Create | Skirmisher |
| 36:06 | Create | Scorpion |
Build order — Spinkane
First 150 of 471 actions detected
| 0:01 | Create | Villager (Male) |
| 0:09 | Build | House |
| 0:24 | Create | Villager (Male) |
| 0:24 | Create | Villager (Male) |
| 0:32 | Build | Lumber Camp |
| 0:52 | Create | Villager (Male) |
| 0:52 | Create | Villager (Male) |
| 1:00 | Create | Villager (Male) |
| 1:00 | Create | Villager (Male) |
| 1:00 | Create | Villager (Male) |
| 1:19 | Create | Villager (Male) |
| 1:25 | Create | Villager (Male) |
| 1:25 | Create | Villager (Male) |
| 1:26 | Create | Villager (Male) |
| 1:38 | Create | Villager (Male) |
| 1:38 | Create | Villager (Male) |
| 1:38 | Create | Villager (Male) |
| 1:38 | Create | Villager (Male) |
| 1:48 | Create | Villager (Male) |
| 1:48 | Create | Villager (Male) |
| 2:01 | Create | Villager (Male) |
| 2:01 | Create | Villager (Male) |
| 2:11 | Build | Mill |
| 2:27 | Build | Mill |
| 2:37 | Create | Villager (Male) |
| 2:38 | Create | Villager (Male) |
| 3:23 | Create | Villager (Male) |
| 3:46 | Create | Villager (Male) |
| 3:47 | Create | Villager (Male) |
| 4:23 | Research | Feudal Age |
| 4:31 | Create | Villager (Male) |
| 4:40 | Create | Villager (Male) |
| 4:40 | Create | Villager (Male) |
| 5:24 | Build | House |
| 5:26 | Build | House |
| 5:39 | Create | Villager (Male) |
| 6:33 | Age | Feudal Age |
| 6:47 | Build | Market |
| 7:02 | Build | Blacksmith |
| 7:54 | Research | Castle Age |
| 7:59 | Build | Lumber Camp |
| 8:04 | Build | House |
| 8:16 | Create | Villager (Male) |
| 8:16 | Create | Villager (Male) |
| 8:27 | Build | Lumber Camp |
| 9:01 | Research | Horse Collar |
| 9:03 | Research | Double-Bit Axe |
| 9:36 | Build | House |
| 9:37 | Build | House |
| 9:51 | Build | Farm |
| 10:45 | Build | House |
| 10:53 | Age | Castle Age |
| 10:57 | Build | Town Center |
| 11:05 | Build | Town Center |
| 11:09 | Create | Villager (Male) |
| 11:10 | Create | Villager (Male) |
| 11:16 | Research | Bow Saw |
| 11:26 | Research | Caravan |
| 11:26 | Create | Villager (Male) |
| 11:27 | Create | Villager (Male) |
| 11:45 | Research | Heavy Plow |
| 12:16 | Build | Market |
| 12:18 | Create | Villager (Male) |
| 12:18 | Create | Villager (Male) |
| 12:28 | Build | House |
| 12:42 | Create | Villager (Male) |
| 12:43 | Create | Villager (Male) |
| 12:58 | Build | House |
| 13:14 | Build | Lumber Camp |
| 13:24 | Create | Villager (Male) |
| 13:24 | Create | Villager (Male) |
| 13:39 | Build | Farm |
| 13:40 | Build | Farm |
| 13:41 | Build | Farm |
| 13:43 | Build | Farm |
| 13:47 | Build | Farm |
| 13:48 | Build | Farm |
| 13:51 | Build | Farm |
| 13:56 | Build | House |
| 14:01 | Build | Farm |
| 14:47 | Build | House |
| 14:47 | Create | Villager (Male) |
| 14:48 | Create | Villager (Male) |
| 14:55 | Build | Market |
| 15:11 | Create | Villager (Male) |
| 15:28 | Build | Town Center |
| 15:30 | Create | Villager (Male) |
| 15:30 | Create | Villager (Male) |
| 15:44 | Build | Town Center |
| 15:45 | Create | Villager (Male) |
| 16:02 | Build | House |
| 16:13 | Create | Villager (Male) |
| 16:14 | Create | Villager (Male) |
| 16:21 | Build | Farm |
| 16:23 | Create | Villager (Male) |
| 16:31 | Build | Farm |
| 16:33 | Build | Farm |
| 16:41 | Create | Villager (Male) |
| 16:58 | Build | House |
| 17:01 | Build | House |
| 17:02 | Build | House |
| 17:04 | Build | House |
| 17:06 | Create | Villager (Male) |
| 17:06 | Create | Villager (Male) |
| 17:07 | Create | Villager (Male) |
| 17:31 | Create | Trade Cart |
| 17:32 | Create | Trade Cart |
| 17:38 | Create | Villager (Male) |
| 17:39 | Create | Villager (Male) |
| 17:39 | Create | Villager (Male) |
| 17:49 | Build | House |
| 17:51 | Build | House |
| 18:03 | Build | Farm |
| 18:04 | Build | Farm |
| 18:07 | Build | Farm |
| 18:09 | Build | Farm |
| 18:17 | Build | Farm |
| 18:19 | Build | Farm |
| 18:20 | Build | Farm |
| 18:23 | Build | Farm |
| 18:24 | Build | Farm |
| 18:28 | Create | Trade Cart |
| 18:29 | Create | Trade Cart |
| 19:12 | Build | House |
| 19:12 | Create | Villager (Male) |
| 19:13 | Create | Villager (Male) |
| 19:35 | Create | Trade Cart |
| 19:36 | Create | Trade Cart |
| 19:36 | Create | Trade Cart |
| 19:36 | Create | Trade Cart |
| 19:40 | Create | Villager (Male) |
| 19:41 | Create | Villager (Male) |
| 19:41 | Create | Villager (Male) |
| 19:41 | Create | Villager (Male) |
| 19:50 | Build | Farm |
| 19:53 | Build | Farm |
| 19:54 | Build | Farm |
| 19:55 | Build | Farm |
| 19:58 | Create | Villager (Male) |
| 19:58 | Create | Villager (Male) |
| 19:58 | Create | Villager (Male) |
| 19:59 | Create | Villager (Male) |
| 20:05 | Build | House |
| 20:06 | Build | House |
| 20:08 | Build | House |
| 20:09 | Build | House |
| 20:10 | Build | House |
| 20:14 | Build | House |
| 20:20 | Create | Trade Cart |
| 20:20 | Create | Trade Cart |
Match timeline
| 3:53 | Lapusho4ek · age_up feudal |
| 4:03 | Ranov · age_up feudal |
| 6:02 | RisunKil · age_up feudal |
| 6:25 | Qoo · age_up feudal |
| 6:29 | Xemnas1981 · age_up feudal |
| 6:33 | Spinkane · age_up feudal |
| 7:13 | RisunKil · first_building Barracks |
| 9:30 | Qoo · age_up castle |
| 10:20 | Ranov · age_up castle |
| 10:28 | Ranov · first_building Monastery |
| 10:53 | Spinkane · age_up castle |
| 13:55 | RisunKil · age_up castle |
| 13:57 | Lapusho4ek · age_up castle |
| 15:21 | Lapusho4ek · wall_segment Palisade Wall x42 |
| 15:38 | pulpy-match3 · first_building Castle |
| 15:39 | Lapusho4ek · wall_segment Palisade Wall x1 |
| 15:50 | RisunKil · first_building Monastery |
| 16:12 | RisunKil · first_building Archery Range |
| 16:20 | Xemnas1981 · age_up castle |
| 19:54 | Ranov · tribute_sent a jugador 1 |
| 19:54 | Ranov · tribute_sent a jugador 2 |
| 19:54 | Ranov · tribute_sent a jugador 4 |
| 19:54 | Ranov · tribute_sent a jugador 5 |
| 19:54 | Ranov · tribute_sent a jugador 6 |
| 19:54 | Ranov · tribute_sent a jugador 7 |
| 19:54 | Ranov · tribute_sent a jugador 8 |
| 20:13 | Qoo · first_building Stable |
| 21:23 | Spinkane · first_building Castle |
| 23:05 | RisunKil · first_building Stable |
| 24:55 | Spinkane · first_building Barracks |
| 25:22 | RisunKil · first_building Castle |
| 25:29 | DreamMurders · first_building Monastery |
| 25:33 | RisunKil · first_building Siege Workshop |
| 25:45 | Qoo · first_building Siege Workshop |
| 25:48 | Xemnas1981 · first_building Monastery |
| 26:06 | Qoo · first_building Castle |
| 26:16 | Lapusho4ek · first_building Castle |
| 27:07 | Ranov · first_market_buy 100 food |
| 27:37 | Qoo · age_up imperial |
| 27:50 | Spinkane · age_up imperial |
| 28:40 | Spinkane · first_building Siege Workshop |
| 28:46 | DreamMurders · first_building Barracks |
| 29:41 | Spinkane · first_building Archery Range |
| 29:45 | DreamMurders · first_building Siege Workshop |
| 30:32 | Ranov · age_up imperial |
| 30:38 | DreamMurders · first_market_buy 100 food |
| 30:40 | DreamMurders · first_market_sell 100 wood |
| 33:02 | Lapusho4ek · age_up imperial |
| 33:22 | Qoo · wall_segment Stone Wall x16 |
| 33:25 | Qoo · wall_segment Stone Wall x2 |
| 33:31 | DreamMurders · first_building Castle |
| 33:54 | Qoo · first_market_sell 500 food |
| 33:57 | Ranov · tribute_sent a jugador 1 |
| 33:57 | Ranov · tribute_sent a jugador 2 |
| 33:57 | Ranov · tribute_sent a jugador 4 |
| 33:57 | Ranov · tribute_sent a jugador 5 |
| 33:57 | Ranov · tribute_sent a jugador 6 |
| 33:57 | Ranov · tribute_sent a jugador 7 |
| 33:57 | Ranov · tribute_sent a jugador 8 |
| 34:08 | Spinkane · first_building Stable |
| 34:25 | Ranov · tribute_sent a jugador 1 |
| 34:25 | Ranov · tribute_sent a jugador 2 |
| 34:25 | Ranov · tribute_sent a jugador 4 |
| 34:25 | Ranov · tribute_sent a jugador 5 |
| 34:25 | Ranov · tribute_sent a jugador 6 |
| 34:25 | Ranov · tribute_sent a jugador 7 |
| 34:25 | Ranov · tribute_sent a jugador 8 |
| 34:34 | RisunKil · tribute_sent a jugador 1 |
| 34:34 | RisunKil · tribute_sent a jugador 2 |
| 34:34 | RisunKil · tribute_sent a jugador 3 |
| 34:34 | RisunKil · tribute_sent a jugador 4 |
| 34:34 | RisunKil · tribute_sent a jugador 5 |
| 34:34 | RisunKil · tribute_sent a jugador 6 |
| 34:34 | RisunKil · tribute_sent a jugador 8 |
| 34:47 | Ranov · first_building Castle |
| 35:39 | Xemnas1981 · first_building Barracks |
| 35:49 | Qoo · wall_segment Stone Wall x11 |
| 35:53 | Qoo · wall_segment Stone Wall x4 |
| 35:58 | Lapusho4ek · wall_segment Palisade Wall x1 |
| 36:06 | Xemnas1981 · first_building Castle |
| 36:12 | Lapusho4ek · wall_segment Palisade Wall x22 |
| 36:19 | Ranov · first_building Barracks |
| 36:38 | pulpy-match3 · wall_segment Stone Wall x22 |
| 36:47 | Qoo · wall_segment Stone Wall x33 |
| 36:54 | Qoo · wall_segment Stone Wall x10 |
| 36:58 | Qoo · wall_segment Stone Wall x7 |
| 37:06 | Qoo · wall_segment Stone Wall x15 |
| 37:08 | Ranov · first_building Stable |
| 37:16 | RisunKil · age_up imperial |
| 38:11 | Qoo · wall_segment Stone Wall x20 |
| 40:00 | Ranov · first_building Siege Workshop |
| 40:09 | Ranov · tribute_sent a jugador 1 |
| 40:09 | Ranov · tribute_sent a jugador 2 |
| 40:09 | Ranov · tribute_sent a jugador 4 |
| 40:09 | Ranov · tribute_sent a jugador 5 |
| 40:09 | Ranov · tribute_sent a jugador 6 |
| 40:09 | Ranov · tribute_sent a jugador 7 |
| 40:09 | Ranov · tribute_sent a jugador 8 |
| 41:25 | Lapusho4ek · wall_segment Palisade Wall x11 |
| 42:43 | Lapusho4ek · wall_segment Palisade Wall x20 |
| 44:09 | Xemnas1981 · first_building Archery Range |
| 45:04 | Xemnas1981 · first_building Stable |
| 46:23 | Xemnas1981 · age_up imperial |
| 49:33 | Lapusho4ek · wall_segment Stone Wall x4 |
| 50:11 | Ranov · wall_segment Stone Wall x12 |
| 50:15 | Ranov · wall_segment Stone Wall x10 |
| 51:24 | pulpy-match3 · resign |
[ AI ANALYSIS · 1 CREDIT ]
What really happened in this match?
Wolo.gg analyzes every decision: build order, eco, micro, common mistakes by bracket. Personalized analysis on WhatsApp or Discord in 30 seconds.
Civ guide
Magyars
Perfil
Jugador #22763592